 Dungeon Crawl Stone Soup version 0.26-a0-663-g36e8fdb655 (webtiles) character file.

Game seed: 1788914375795357210

530 looop the Chiller (level 7, 45/46 HPs)
             Began as a Demonspawn Ice Elementalist on Oct 12, 2020.
             Was an Initiate of Gozag.
             Quit the game on level 4 of the Dungeon.
             The game lasted 00:07:13 (4093 turns).

looop the Chiller (Demonspawn Ice Elementalist)     Turns: 4093, Time: 00:07:13

Health: 45/46      AC:  9    Str:  8    XL:     7   Next: 3%
Magic:  24/31      EV: 11    Int: 18    God:    Gozag
Gold:   138        SH:  0    Dex: 14    Spells: 3/14 levels left

rFire    . . .     SeeInvis .   d - +0 whip
rCold    . . .     Faith    .   (no shield)
rNeg     . . .     Spirit   +   c - +0 leather armour
rPois    +         Reflect  .   (helmet restricted)
rElec    .         Harm     .   u - +0 cloak {rPois}
rCorr    .         Rampage  .   (no gloves)
MR       .....                  (no boots)
Stlth    +.........             (no amulet)
HPRegen  0.15/turn              b - ring of magical power
MPRegen  0.22/turn              j - ring of magical power

@: icy armour, gold aura, frozen ramparts
A: antennae 1, claws 1, hooves 2, magic shield
a: Potion Petition, Call Merchant, Bribe Branch, Renounce Religion


You were on level 4 of the Dungeon.
You worshipped Gozag.
Gozag was aware of your devotion.
You visited 1 branch of the dungeon, and saw 4 of its levels.

You collected 173 gold pieces.
You paid 35 gold pieces to Gozag.

Inventory:

Hand Weapons
 d - a +0 whip (weapon)
Armour
 c - a +0 leather armour (worn)
 u - a +0 cloak of poison resistance (worn)
Magical Staves
 n - an uncursed staff of fire
Jewellery
 b - a ring of magical power (left claw)
 g - an uncursed ring of wizardry
 j - a ring of magical power (right claw)
Wands
 x - a wand of iceblast (4)
 y - a wand of flame (11)
Scrolls
 f - 2 scrolls of amnesia {unknown}
 h - a scroll of enchant weapon {unknown}
 i - a scroll of enchant armour {unknown}
 k - a scroll of identify {unknown}
 l - a scroll of teleportation {unknown}
 m - a scroll of magic mapping {unknown}
 o - a scroll of noise {unknown}
 q - 2 scrolls of remove curse
 s - a scroll of blinking {unknown}
Potions
 a - a potion of magic {unknown}
 e - a potion of stabbing {unknown}
 p - a potion of resistance {unknown}
 r - 2 potions of haste {unknown}
 t - 2 potions of degeneration {unknown}
 v - 3 potions of heal wounds {unknown}
 w - 3 potions of might {unknown}


   Skills:
 - Level 1.7 Dodging
 - Level 1.7 Stealth
 + Level 4.3 Spellcasting
 * Level 6.7 Ice Magic


You had 3 spell levels left.
You knew the following spells:

 Your Spells              Type           Power        Failure   Level
a - Freeze                Ice            ####         1%          1
b - Frozen Ramparts       Ice            ####..       4%          3
c - Ozocubu's Armour      Ice            ####....     4%          3
d - Hailstorm             Conj/Ice       ###.....     45%         4

Your spell library contained the following spells:

 Spells                   Type           Power        Failure   Level
 Magic Dart               Conj           #...         22%         1
 Blink                    Tloc           N/A          32%         2
 Call Imp                 Summ           #.......     32%         2
 Slow                     Hex            #.......     32%         2
 Conjure Flame            Conj/Fire      #.......     54%         3
 Mephitic Cloud           Conj/Pois/Air  #.......     54%         3
 Summon Ice Beast         Ice/Summ       ###.....     45%         4


Dungeon Overview and Level Annotations

Branches:
Dungeon (4/15)
 Temple: D:4-7

Altars:
Gozag

Shops:
D:4 [[(


Innate Abilities, Weirdness & Mutations

You have a pair of small antennae on your head.
You have sharp fingernails.
You have hoof-like feet.
When hurt, damage is shared between your health and your magic reserves.


Message History

The wall freezes the worker ant but do no damage.
The worker ant bites you.
The wall freezes the worker ant.
The wall freezes the worker ant.
Casting: Frozen Ramparts (dangerous; 4% risk of failure)
Confirm with . or Enter, or press ? or * to list all spells.
A film of ice covers your body!
The wall freezes the worker ant.
The worker ant closely misses you.
The wall freezes the worker ant.
The worker ant closely misses you.
You completely miss the worker ant.
The worker ant is severely wounded.
The wall freezes the worker ant.
You kill the worker ant!
You have reached level 7!
Your demonic ancestry asserts itself...
Your fingernails lengthen.
Are you sure you want to abandon this character and quit the game? (Confirm with "yes".)
Okay, then.
Unknown command.
Are you sure you want to abandon this character and quit the game? (Confirm with "yes".)

.....<.# #....#
.......# #....#
#.###'#####....#
###.........#####+#
..#...>.....#.....#
..#.........'.....#
###.........###...#
....###########...#
....+........'.$@.#
###.#........#....#
'∩#....###.. ##...#
###....# #. #...#
....#..#.. ....#
....#..#. .....#
###.################
..#................#
#.#................#


There were no monsters in sight!

Vanquished Creatures
  Sigmund (D:4)
  3 orc wizards
  2 orc priests (D:3)
  Crazy Yiuf (D:2)
  Jessica (D:2)
  A worker ant (D:4)
  3 gnolls (D:2)
  3 adders
  3 worms
  A dart slug (D:2)
  A leopard gecko (D:1)
  11 orcs
  2 ball pythons
  2 bats
  5 giant cockroaches
  7 goblins
  6 hobgoblins
  6 jackals
  4 kobolds
  3 frilled lizards
  A leopard gecko skeleton (D:4)
  A quokka skeleton (D:4)
  13 rats
81 creatures vanquished.

Notes
Turn   | Place    | Note
-------+----------+-------------------------------------------
     0 | D:1      | looop the Demonspawn Ice Elementalist began the quest for
                  | the Orb.
     0 | D:1      | Reached XP level 1. HP: 13/13 MP: 3/3
   421 | D:1      | Gained mutation: When hurt, damage is shared between your
                  | health and your magic reserves. [demonic ancestry]
   421 | D:1      | Reached XP level 2. HP: 19/19 MP: 3/5
   604 | D:1      | Reached skill level 4 in Ice Magic
  1417 | D:2      | Gained mutation: You have large cloven feet. [demonic
                  | ancestry]
  1417 | D:2      | Reached XP level 3. HP: 20/24 MP: 6/6
  1434 | D:2      | Learned a level 3 spell: Frozen Ramparts
  1438 | D:2      | Learned a level 3 spell: Ozocubu's Armour
  1809 | D:2      | Gained mutation: You have a pair of small antennae on your
                  | head. [demonic ancestry]
  1809 | D:2      | Reached XP level 4. HP: 26/30 MP: 8/8
  1964 | D:2      | Found a runed translucent door.
  1965 | D:2      | Noticed Crazy Yiuf
  1974 | D:2      | Killed Crazy Yiuf
  1974 | D:2      | Reached skill level 5 in Ice Magic
  2236 | D:2      | Noticed Jessica
  2243 | D:2      | Killed Jessica
  2243 | D:2      | Gained mutation: You have hoof-like feet. [demonic
                  | ancestry]
  2243 | D:2      | Reached XP level 5. HP: 35/35 MP: 9/9
  3221 | D:3      | Reached XP level 6. HP: 37/41 MP: 11/11
  3224 | D:3      | Reached skill level 6 in Ice Magic
  3290 | D:3      | Found an opulent altar of Gozag.
  3305 | D:3      | Became a worshipper of Gozag Ym Sagoz the Greedy
  3374 | D:3      | Learned a level 4 spell: Hailstorm
  3739 | D:4      | Found Hutrirhe's Armour Shoppe.
  3764 | D:4      | Found Qeate's Armour Shop.
  3812 | D:4      | Noticed Sigmund
  3856 | D:4      | Killed Sigmund
  4031 | D:4      | Found Zutetyopt's Weapon Shop.
  4092 | D:4      | Gained mutation: You have sharp fingernails. [demonic
                  | ancestry]
  4092 | D:4      | Reached XP level 7. HP: 45/46 MP: 13/13
  4093 | D:4      | Quit the game

Illustrated notes

Levels and vault maps discovered:
D:1:      minmay_arrival_checkered_box, layout_basic, roderic_lattice_a,
          due_unseen_surprise
D:2:      layout_rooms, uniq_jessica, uniq_crazy_yiuf_cottage
D:3:      layout_basic, grunt_gozag_breadcrumbs
D:4:      layout_gridville, serial_shops, kennysheep_little_box, shop,
          nicolae_shop_stone, nicolae_shop_crystal,
          nicolae_shop_window_shopping, kennysheep_generic_room_11,
          uniq_grinder, uniq_sigmund, uniq_ijyb

Skill      XL: |  1  2  3  4  5  6 |
---------------+-------------------+-----
Ice Magic      | 4 5 6 |  6.7
Spellcasting   | 3 4 |  4.3
Dodging        | |  1.7
Stealth        | |  1.7

Action                   |  1- 3 |  4- 6 |  7- 9 || total
-------------------------+-------+-------+-------++-------
Melee: Whip              |    24 |    48 |       ||    72
       Kick              |     3 |    11 |       ||    14
 Cast: Freeze            |    38 |     5 |       ||    43
       Frozen Ramparts   |     4 |    27 |       ||    31
       Ozocubu's Armour  |       |     2 |       ||     2
       Hailstorm         |       |     1 |       ||     1
  Use: Scroll            |       |     1 |       ||     1
 Stab: Sleeping          |     1 |       |       ||     1
Armor: Leather armour    |    19 |    10 |       ||    29
Dodge: Dodged            |    26 |    30 |       ||    56

Table legend: (Time is in decaauts)
 A = Elapsed time spent in this place.
 B = Non-inter-level travel time spent in this place.
 C = Inter-level travel time spent in this place.
 D = Time resting spent in this place.
 E = Time spent auto-exploring this place.
 F = Levels seen in this place.
 G = Mean time per level.
                   A        B        C        D        E       F      G
               +--------+--------+--------+--------+--------+-----+--------+
         Total |   4094 |   3949 |    145 |    219 |   3113 |   4 | 1023.5 |
       Dungeon |   4094 |   3949 |    145 |    219 |   3113 |   4 | 1023.5 |
               +--------+--------+--------+--------+--------+-----+--------+

Top non-repeatable levels by time:
     D:1: 1318 daAuts
     D:3: 1238 daAuts
     D:2: 995 daAuts
     D:4: 543 daAuts
